 Dungeon Crawl Stone Soup version 0.29.1-13-g9f3cf754e1 (webtiles) character file.

Game seed: 3920742051325077265

25 KyoPewz the Sneak (level 2, -2/11 HPs)
             Began as a Felid Enchanter on Feb 9, 2023.
             Was a Follower of Okawaru.
             Slain by a hobgoblin (4 damage)
             ... on level 1 of the Dungeon.
             The game lasted 00:04:13 (1237 turns).

KyoPewz the Sneak (Felid Enchanter)                 Turns: 1237, Time: 00:04:14

Health: -2/11      AC:  1    Str:  4    XL:     2   Next: 82%
Magic:  6/6        EV: 17    Int: 16    God:    Okawaru [*.....]
Gold:   12         SH:  0    Dex: 16    Spells: 3/5 levels left
                                        Lives:  0   Deaths: 0

rFire   . . .      SeeInvis +     - Unarmed
rCold   . . .      Faith    .   (shield unavailable)
rNeg    . . .      Spirit   .   (body armour unavailable)
rPois   .          Reflect  .   (helmet unavailable)
rElec   .          Harm     .   (cloak unavailable)
rCorr   .          Rampage  .   (gloves unavailable)
Will    .....                   (boots unavailable)
Stlth   +++.......              (no amulet)
HPRegen 0.03/turn               (no ring)
MPRegen 0.10/turn               (no ring)

@: quick
A: very small, claws 1, fangs 3, see invisible, speed 1, shaggy fur 1, stealthy
paws, no weapons or thrown items, no armour, multi-lived
a: Renounce Religion, Heroism


You were on level 1 of the Dungeon.
You worshipped Okawaru.
Okawaru was aware of your devotion.
You visited 1 branch of the dungeon, and saw 1 of its levels.

You collected 12 gold pieces.

Inventory:

Scrolls
 d - a scroll of noise {unknown}
 e - a scroll of enchant armour {unknown}
 f - a scroll of teleportation {unknown}
Potions
 a - 2 potions of invisibility
 b - a potion of magic {unknown}
 c - 2 potions of cancellation {unknown}
 g - a potion of curing {unknown}


   Skills:
 + Level 0.1 Fighting
 + Level 2.9 Dodging
 + Level 4.6 Stealth
 + Level 1.7 Unarmed Combat
 + Level 2.0 Spellcasting
 + Level 4.5 Hexes
 + Level 0.3 Ice Magic


You had 3 spell levels left.
You knew the following spells:

 Your Spells              Type           Power      Damage    Failure   Level
a - Ensorcelled Hibernat  Hex/Ice        18%        N/A       12%         2

Your spell library contained the following spells:

 Spells                   Type           Power      Damage    Failure   Level
 Confusing Touch          Hex            16%        N/A       10%         3
 Dazzling Flash           Conj/Hex       16%        N/A       24%         3
 Tukima's Dance           Hex            Unusable   N/A       N/A         3

Dungeon Overview and Level Annotations

Branches:
Dungeon (1/15)

Altars:
Okawaru


Innate Abilities, Weirdness & Mutations

You have sharp claws.
You have razor-sharp teeth.
You have supernaturally acute eyesight. (SInv)
You cover ground quickly. (Speed+)
You are covered in fur. (AC +1)
Your paws help you pounce on unaware monsters.
You are incapable of wielding weapons or throwing items.
You cannot wear armour.
You gain extra lives every three experience levels.


Message History

There is an open door here.
There is an iron altar of Okawaru here.
You open the door.
There is an open door here.
A frilled lizard comes into view.
You see here a scroll labelled OGEIB LEURE.
Found an emerald potion.
You pounce on the unaware helpless frilled lizard!
You claw the frilled lizard!
You kill the frilled lizard!
Okawaru accepts your kill.
f - a scroll labelled OGEIB LEURE You see here a frilled lizard corpse.
g - an emerald potion A giant cockroach comes into view.
The helpless giant cockroach fails to defend itself.
You claw the giant cockroach!
You kill the giant cockroach!
Okawaru accepts your kill.
A hobgoblin comes into view.
The hobgoblin shouts!
The hobgoblin misses you.
You scratch the hobgoblin but do no damage.
The hobgoblin hits you.
You barely miss the hobgoblin. The hobgoblin barely misses you.
You scratch the hobgoblin but do no damage.
The hobgoblin misses you.
You scratch the hobgoblin.
The hobgoblin is heavily wounded.
The hobgoblin hits you.
You barely miss the hobgoblin.
The hobgoblin is heavily wounded.
The hobgoblin hits you.
* * * LOW HITPOINT WARNING * * *
You closely miss the hobgoblin.
The hobgoblin is heavily wounded.
You barely miss the hobgoblin. Your claw misses the hobgoblin.
The hobgoblin is heavily wounded.
The hobgoblin hits you.
You die...

#.. #.#
############
#.#
#.........†.
#.#
#.##########
#.# #.# #.#
#.# #g# #.#
#@# #.# #.#
#.# #.# #.#
#.#####.#
#.......#
#########


You could see a hobgoblin.

Vanquished Creatures
  5 ball pythons (D:1)
  2 endoplasms (D:1)
  A giant cockroach (D:1)
  2 hobgoblins (D:1)
  4 quokkas (D:1)
  2 bats (D:1)
  4 frilled lizards (D:1)
  A goblin (D:1)
  3 rats (D:1)
24 creatures vanquished.

Notes
Turn   | Place    | Note
-------+----------+-------------------------------------------
     0 | D:1      | KyoPewz the Felid Enchanter began the quest for the Orb.
     0 | D:1      | Reached XP level 1. HP: 7/7 MP: 4/4
   319 | D:1      | Reached XP level 2. HP: 6/11 MP: 6/6
   322 | D:1      | Learned a level 2 spell: Ensorcelled Hibernation
  1115 | D:1      | Found a faded altar of an unknown god.
  1122 | D:1      | Prayed at the altar of an unknown god.
  1122 | D:1      | Became a worshipper of Warmaster Okawaru
  1122 | D:1      | Reached * piety under Okawaru
  1237 | D:1      | Slain by a hobgoblin

Illustrated notes

Levels and vault maps discovered:
D:1:      mushboom_english_gardens, layout_basic,
          hellmonk_ecumenical_altar_slurped_away

Action                   || total
-------------------------++-------
Melee: Unarmed           ||    59
       Bite              ||     3
 Stab: Sleeping          ||    11
Armor: Skin              ||     2
Dodge: Dodged            ||    36
